 Dungeon Crawl Stone Soup version 0.28.0-62-gf88900778d (webtiles) character file.

Game seed: 6882086619238362371

1466 cbfl8 the Covert (level 9, 0/44 (51) HPs)
             Began as a Kobold Brigand on June 24, 2023.
             Slain by a wight
             ... wielding a +2 short sword
              (10 damage)
             ... on level 6 of the Dungeon.
             The game lasted 00:08:16 (8316 turns).

cbfl8 the Covert (Kobold Brigand)                   Turns: 8316, Time: 00:08:17

HP:   0/44 (51)     AC:  6    Str: 12    XL:     9   Next: 6%
MP:   9/9           EV: 16    Int: 13    God:
Gold: 290           SH:  0    Dex: 16    Spells: 8/8 levels left

rFire   . . .      SeeInvis .   r - +3 dagger (venom)
rCold   . . .      Faith    .   (no shield)
rNeg    . . .      Spirit   .   f - +2 robe {Will+}
rPois   .          Reflect  .   (no helmet)
rElec   .          Harm     .   c - +0 cloak
rCorr   .          Rampage  .   g - +0 pair of gloves
Will    +....                   (no boots)
Stlth   ++++++....              (no amulet)
HPRegen 0.14/turn               (no ring)
MPRegen 0.11/turn               (no ring)

@: heavily drained
A: small, no large weapons, nightstalker 3
a: no special abilities


You were on level 6 of the Dungeon.
You visited 1 branch of the dungeon, and saw 7 of its levels.
You also visited: Sewer.

You collected 290 gold pieces.

Inventory:

Hand Weapons
 k - a +0 rapier
 r - a +3 dagger of venom (weapon)
Missiles
 a - a throwing net
 d - 18 poisoned darts (quivered)
 e - 4 curare-tipped darts
Armour
 c - a +0 cloak (worn)
 f - a +2 robe of willpower (worn)
 g - a +0 pair of gloves (worn)
Wands
 l - a wand of mindburst (14)
 o - a wand of iceblast (12)
 w - a wand of paralysis (4)
Scrolls
 h - 5 scrolls of teleportation
 j - 2 scrolls of enchant weapon
 m - a scroll of brand weapon
 n - 4 scrolls of immolation
 s - a scroll of blinking
 v - 2 scrolls of fear
 x - a scroll of fog
Potions
 b - a potion of mutation {unknown}
 i - 2 potions of curing
 u - a potion of flight {unknown}


   Skills:
 + Level 3.6 Fighting
 + Level 6.3 Short Blades
 * Level 4.7 Throwing
 + Level 4.3 Dodging
 + Level 10.3 Stealth
 * Level 4.8 Evocations


You had 8 spell levels left.
You didn't know any spells.
Your spell library contained the following spells:

 Spells                   Type           Power      Damage    Failure   Level
 Animate Skeleton         Necr           0%         N/A       30%         1
 Apportation              Tloc           0%         N/A       30%         1
 Summon Small Mammal      Summ           0%         N/A       30%         1


Dungeon Overview and Level Annotations

Branches:
Dungeon (7/15)              Sewer (visited)
 Temple: D:4-7

Altars:
Elyvilon
Hepliaklqana
Kikubaaqudgha
Qazlal

Shops:
D:5 (   D:6 *

Annotations:
D:3 3 runed translucent doors, Sigmund
D:5 1 runed translucent door, cbfl8's ghost, novice GrBe


Innate Abilities, Weirdness & Mutations

You are small and have problems with some larger weapons.
You are completely attuned to the shadows.


Message History

You feel drained.
You hit the wight but do no damage.
The wight is lightly damaged.
The wight hits you but does no damage.
You hit the wight.
The wight is moderately damaged.
You hit the wight but do no damage.
The wight is moderately damaged.
The wight hits you with a +2 short sword.
You feel drained.
You barely miss the wight.
The wight is moderately damaged.
The wight closely misses you.
You hit the wight but do no damage.
The wight is moderately damaged.
The wight misses you.
You hit the wight.
The wight is moderately damaged.
You barely miss the wight.
The wight is moderately damaged.
The wight hits you with a +2 short sword!
You feel drained.
You hit the wight but do no damage.
The wight is moderately damaged.
The wight barely misses you.
You hit the wight but do no damage.
The wight is moderately damaged.
You hit the wight but do no damage.
The wight is moderately damaged.
The wight hits you with a +2 short sword!
* * * LOW HITPOINT WARNING * * *
You hit the wight but do no damage.
The wight is moderately damaged.
The wight completely misses you.
You hit the wight.
The wight is moderately damaged.
You hit the wight but do no damage.
The wight is moderately damaged.
The wight hits you with a +2 short sword!
You die...

..[.####..#..#.#########
...............##
.#.#........#.).######
.#....####...........#
........####..###..#.##
.#......#.....###.....###
........#.###..##.......#
........#.# ##........#.###
..........####)z@[........#
.##........#.)>#.....#..###
.##.....#....###...#.##..#
..#.....#..##.....##.###.#
..#...........#...##.###.#
.........................#
..###.##........######.###
..###..#.###..#.....##..###
.............######...>...###


You could see a wight.

Vanquished Creatures
  2 water moccasins (D:6)
  An orc warrior (D:6)
  2 sky beasts (D:6)
  An ogre (D:4)
  Blork the orc (D:6)
  2 bullfrogs (Sewer)
  3 wights
  A gnoll shaman (D:5)
  2 hounds
  3 jellies
  An orc priest (D:5)
  3 iguanas
  Ijyb (D:4)
  A killer bee zombie (D:6)
  A hound skeleton (D:5)
  5 adders
  7 gnolls
  A white imp (D:5)
  An ufetubus (D:4)
  6 dart slugs
  6 orcs
  5 bats
  3 endoplasms
  14 giant cockroaches
  3 goblins
  5 hobgoblins
  4 jackals (D:2)
  12 quokkas
  3 training dummies (D:5)
  14 ball pythons
  8 frilled lizards
  7 kobolds
  5 rats
134 creatures vanquished.

Notes
Turn   | Place    | Note
-------+----------+-------------------------------------------
     0 | D:1      | cbfl8 the Kobold Brigand began the quest for the Orb.
     0 | D:1      | Reached XP level 1. HP: 12/12 MP: 1/1
    93 | D:1      | Reached XP level 2. HP: 18/18 MP: 2/2
   445 | D:1      | Reached XP level 3. HP: 22/22 MP: 3/3
   574 | D:1      | Reached skill level 6 in Stealth
   795 | D:1      | Reached skill level 1 in Evocations
  1574 | D:2      | Reached XP level 4. HP: 24/27 MP: 4/4
  1816 | D:2      | Found a hazy altar of Hepliaklqana.
  2421 | D:3      | Found a runed translucent gate.
  2421 | D:3      | Found a runed translucent gate.
  2421 | D:3      | Found a runed translucent gate.
  2668 | D:3      | Noticed an ogre
  2673 | D:3      | Noticed Sigmund
  3299 | D:4      | Reached skill level 7 in Stealth
  3299 | D:4      | Reached XP level 5. HP: 22/31 MP: 5/5
  3422 | D:4      | Noticed Ijyb
  3428 | D:4      | Killed Ijyb
  3710 | D:4      | Found an ancient bone altar of Kikubaaqudgha.
  3830 | D:4      | Reached XP level 6. HP: 36/36 MP: 6/6
  4010 | D:4      | Noticed an ogre
  4014 | D:4      | Killed an ogre
  4503 | D:5      | Entered Level 5 of the Dungeon
  4660 | D:5      | Found Rukeciq's Firing Range.
  4685 | D:5      | Reached skill level 8 in Stealth
  4746 | D:5      | Found a glowing drain.
  4761 | Sewer    | Entered a sewer
  5091 | Sewer    | Reached XP level 7. HP: 37/41 MP: 7/7
  5877 | D:5      | Found a runed translucent door.
  5879 | D:5      | Noticed cbfl8's ghost (novice GrBe)
  6621 | D:6      | Reached skill level 5 in Short Blades
  6633 | D:6      | Found a white marble altar of Elyvilon.
  6638 | D:6      | Reached XP level 8. HP: 46/46 MP: 8/8
  6862 | D:6      | Reached skill level 9 in Stealth
  7133 | D:6      | Found a stormy altar of Qazlal.
  7163 | D:6      | Noticed Blork the orc
  7206 | D:6      | Killed Blork the orc
  7642 | D:6      | Found Vumnuot's Serpentskin Sales.
  7881 | D:6      | Reached skill level 10 in Stealth
  8074 | D:7      | Reached XP level 9. HP: 51/51 MP: 9/9
  8316 | D:6      | Slain by a wight

Illustrated notes

Levels and vault maps discovered:
D:1:      matt_arrival_debris, layout_basic, serial_curves, eino_curves_03,
          eino_curves_03, minmay_misc_feat_tower, minmay_misc_feat_enclosed,
          dk_noncrumbling_3, serial_park_tiny_pond
D:2:      layout_loops_ring, basic_altar, minivault_26
D:3:      layout_rooms, yredelemnul_forgotten_temple_becter,
          ebering_ghost_gozag, chequers_serial_rivers_small_b, uniq_sigmund
D:4:      layout_basic, lemuel_tele_altar,
          mainiacjoe_overflow_concentric_impassable, uniq_ijyb
D:5:      layout_basic, portal_sewer_entry_f, ebering_ghost_inner_flame,
          nicolae_shop_firing_range
D:6:      layout_rooms, chequers_temple_overflow_statue_of_worship,
          guppyfry_shop_venom, uniq_blork_the_orc
D:7:      layout_basic, nicolae_wu_jian_wuxing_cycle, nemelex_dance_club_becter,
          minmay_temple_entry_waves, serial_rivers,
          chequers_serial_rivers_large_a, chequers_serial_rivers_small_b,
          chequers_serial_rivers_micro_c, chequers_serial_rivers_large_b,
          uniq_prince_ribbit1

Skill      XL: |  1  2  3  4  5  6  7  8 |
---------------+-------------------------+-----
Short Blades   | 3 4 5 6 |  6.3
Stealth        | 6 7 8 10 | 10.3
Evocations     | 1 2 3 4 |  4.8
Dodging        | 2 3 4 |  4.3
Throwing       | 3 4 |  4.7
Fighting       | 3 |  3.6

Action                   |  1- 3 |  4- 6 |  7- 9 || total
-------------------------+-------+-------+-------++-------
Melee: Dagger            |    62 |   119 |   156 ||   337
       Punch             |     2 |     2 |     6 ||    10
       Rapier            |       |    35 |       ||    35
  Use: Potion            |       |     3 |       ||     3
       Scroll            |       |     6 |     5 ||    11
 Stab: Sleeping          |    29 |    31 |    15 ||    75
Armor: Robe              |     5 |    36 |     7 ||    48
Dodge: Dodged            |    19 |   115 |    81 ||   215
